[Event "ICCopen2016"]
[Site "Internet Chess Club"]
[Date "2016.06.04"]
[Round "9"]
[White "Nostradamus"]
[Black "cyborg86"]
[Result "1-0"]
[ICCResult "Black resigns"]
[WhiteElo "2424"]
[BlackElo "2054"]
[Opening "French: Winawer (Nimzovich) variation"]
[ECO "C15"]
[NIC "FR.08"]
[Time "15:33:38"]
[TimeControl "180+0"]

1. e4 e6 2. d4 d5 3. Nc3 Bb4 4. Bd3 c5 5. exd5 exd5 6. a3 Ba5 7. dxc5 d4 8.
b4 dxc3 9. bxa5 Nf6 10. Nf3 O-O 11. O-O Nc6 12. a6 bxa6 13. Bg5 h6 14. Bh4
Bg4 15. h3 Bc8 16. Qe1 Bb7 17. Qxc3 Nd5 18. Qb3 Qd7 19. Rad1 Na5 20. Qb2 Qc7
21. Qe5 Qxc5 22. c4 Nxc4 23. Qe4 f5 24. Qxc4 Qa5 25. Be7 Rf7 26. Bb4 Qa4 27.
Bc2 Qd7 28. Bb3 Rc8 29. Rxd5 Qe6 30. Rc5 Qxc4 31. Bxc4 {Black resigns} 1-0

[Event "ICCopen2016"]
[Site "Internet Chess Club"]
[Date "2016.06.04"]
[Round "9"]
[White "drsigmund1"]
[Black "Govindan"]
[Result "1/2-1/2"]
[ICCResult "Game drawn by repetition"]
[WhiteElo "1270"]
[BlackElo "1390"]
[Opening "Queen's Pawn"]
[ECO "A41"]
[NIC "QO.17"]
[Time "15:32:46"]
[TimeControl "180+0"]

1. d4 d6 2. Nf3 g6 3. Bf4 Bg7 4. Nc3 Nf6 5. e4 O-O 6. Qd2 Re8 7. O-O-O Nbd7
8. Be2 a6 9. h4 b5 10. h5 Nxh5 11. Rxh5 gxh5 12. Rh1 Nf6 13. Ng5 h6 14. Nh3
Bg4 15. Bxh6 Bxe2 16. Bxg7 Kxg7 17. Qg5+ Kh7 18. Qf5+ Kh6 19. Nxe2 Rg8 20.
f3 Rg6 21. Nhf4 Rg5 22. Qh3 Qh8 23. Nxh5 Kg6 24. Nef4+ Kh6 25. Nxf6+ Kg7 26.
N6h5+ Kf8 27. Qd7 f6 28. Ne6+ Kf7 29. Nef4 Rag8 30. Qe6+ Ke8 31. Qc8+ Kf7
32. Qe6+ Ke8 33. Qc8+ Kf7 34. Qe6+ Kf8 35. Qc8+ Kf7 36. Qe6+ Ke8 37. Qc8+
{Game drawn by repetition}
1/2-1/2

[Event "ICCopen2016"]
[Site "Internet Chess Club"]
[Date "2016.06.04"]
[Round "9"]
[White "takes-takes"]
[Black "Speiretti"]
[Result "0-1"]
[ICCResult "White forfeits on time"]
[WhiteElo "837"]
[BlackElo "1802"]
[Opening "Sicilian: Scheveningen variation"]
[ECO "B80"]
[NIC "SI.19"]
[Time "15:33:28"]
[TimeControl "180+0"]

1. e4 c5 2. Nf3 d6 3. d4 cxd4 4. Nxd4 Nf6 5. Nc3 e6 6. Be3 Nc6 7. Be2 Be7 8.
f3 h5 9. Qd2 a6 10. Bd3 Qc7 11. Nce2 Ne5 12. c3 Bd7 13. h3 h4 14. f4 Nc4 15.
Bxc4 Qxc4 16. b3 Qc7 17. Qd3 O-O-O 18. c4 Kb8 19. O-O e5 20. fxe5 dxe5 21.
Nc2 Bxh3 22. Qc3 Bc8 23. Rad1 h3 24. g3 Ng4 25. Nf4 Nxe3 26. Qxe3 Bc5
{White forfeits on time}
0-1

[Event "ICCopen2016"]
[Site "Internet Chess Club"]
[Date "2016.06.04"]
[Round "9"]
[White "kingsac"]
[Black "karodash"]
[Result "1/2-1/2"]
[ICCResult "Game drawn by repetition"]
[WhiteElo "1770"]
[BlackElo "1615"]
[Opening "Scandinavian defense"]
[ECO "B01"]
[NIC "SD.03"]
[Time "15:32:45"]
[TimeControl "180+0"]

1. e4 d5 2. exd5 Nf6 3. Nc3 Nxd5 4. Bc4 Be6 5. Bb5+ c6 6. Ba4 Nxc3 7. bxc3
g6 8. d4 Bg7 9. Ne2 O-O 10. O-O Bg4 11. f3 Bf5 12. Ng3 c5 13. Nxf5 gxf5 14.
Bb2 Nc6 15. d5 Ne5 16. Rb1 a6 17. f4 Nc4 18. Ba1 Ne3 19. Qd2 Nxf1 20. Rxf1
b5 21. Bb3 c4 22. Rd1 cxb3 23. cxb3 Qd7 24. c4 Bxa1 25. Rxa1 bxc4 26. bxc4
Rac8 27. Rc1 Rc5 28. Qd3 Rfc8 29. h4 Qa4 30. Qxf5 Qxa2 31. Qg5+ Kh8 32. Qxe7
Rg8 33. Qf6+ Rg7 34. g4 Rc8 35. h5 Kg8 36. g5 Qe2 37. Rc3 Qe1+ 38. Kg2 Qe2+
39. Kg3 Re8 40. Qd4 Qe1+ 41. Kg4 Qe2+ 42. Kg3 Qe1+ 43. Kg4 Qe2+ 44. Kg3 Qe1+
45. Kg4 {Game drawn by repetition} 1/2-1/2

[Event "ICCopen2016"]
[Site "Internet Chess Club"]
[Date "2016.06.04"]
[Round "9"]
[White "marianzaim"]
[Black "Svinotigr"]
[Result "1-0"]
[ICCResult "Black resigns"]
[WhiteElo "1914"]
[BlackElo "1640"]
[Opening "English opening"]
[ECO "A10"]
[NIC "EO.64"]
[Time "15:34:34"]
[TimeControl "180+0"]

1. c4 d6 2. g3 Nd7 3. Bg2 e5 4. Nf3 g6 5. O-O Bg7 6. Nc3 Ngf6 7. Rb1 O-O 8.
b4 Re8 9. d3 h5 10. Qc2 Nf8 11. a4 N8h7 12. b5 Rb8 13. a5 Bf5 14. e4 Bg4 15.
Be3 b6 16. axb6 axb6 17. h3 Bxf3 18. Bxf3 Ra8 19. Ra1 Qe7 20. Bg2 Kh8 21.
Qb2 Qf8 22. Ra2 Rxa2 23. Nxa2 Bh6 24. Nb4 Bxe3 25. fxe3 Qh6 26. Qf2 Kg7 27.
Nd5 Rc8 28. Nxf6 {Black resigns} 1-0

[Event "ICCopen2016"]
[Site "Internet Chess Club"]
[Date "2016.06.04"]
[Round "9"]
[White "searchforbobby1"]
[Black "SeniorNapa"]
[Result "1-0"]
[ICCResult "Black forfeits on time"]
[WhiteElo "2111"]
[BlackElo "1841"]
[Opening "French: advance variation"]
[ECO "B21"]
[NIC "SI.48"]
[Time "15:33:03"]
[TimeControl "180+0"]

1. e4 c5 2. d4 e6 3. c3 d5 4. e5 Nc6 5. f4 Qb6 6. Nf3 Nge7 7. Bd3 g6 8. Nbd2
Nf5 9. Bxf5 gxf5 10. Nb3 cxd4 11. Nbxd4 Bc5 12. O-O Rg8 13. Kh1 Bd7 14. a3
O-O-O 15. b4 Be7 16. Be3 Nxd4 17. Nxd4 Qc7 18. Qd2 Kb8 19. a4 Rg6 20. a5
Rdg8 21. Rf2 Bh4 22. g3 Bxg3 23. hxg3 Rxg3 24. Rh2 Qd8 25. Rg1 Rxg1+ 26.
Bxg1 Rg4 27. Qf2 Qg8 28. Nf3 Bc6 29. Qxa7+ Kc7 30. Qb6+ Kd7 31. Qd4 Bb5 32.
Ng5 h6 33. Rxh6 Bf1 34. Rh2 Be2 35. Qf2 {Black forfeits on time} 1-0

[Event "ICCopen2016"]
[Site "Internet Chess Club"]
[Date "2016.06.04"]
[Round "9"]
[White "zelog"]
[Black "SurferRosa"]
[Result "1-0"]
[ICCResult "Black resigns"]
[WhiteElo "2128"]
[BlackElo "2448"]
[Opening "English: symmetrical variation"]
[ECO "A30"]
[NIC "EO.64"]
[Time "15:32:51"]
[TimeControl "180+0"]

1. c4 c5 2. g3 g6 3. Bg2 Bg7 4. Nf3 Nc6 5. O-O d6 6. Nc3 Bf5 7. d3 Qd7 8.
Nd5 Nf6 9. e4 Bg4 10. Be3 O-O 11. Qd2 e6 12. Nxf6+ Bxf6 13. Bh6 Bxf3 14.
Bxf3 Nd4 15. Bg2 Bg7 16. Be3 b5 17. Rad1 Rab8 18. b3 b4 19. f4 a5 20. g4 a4
21. Bxd4 Bxd4+ 22. Kh1 axb3 23. axb3 Ra8 24. f5 Bg7 25. e5 dxe5 26. f6 Bh8
27. Bxa8 Rxa8 28. g5 Rd8 29. Qe3 Qd6 30. Rfe1 h6 31. h4 e4 32. dxe4 Qxd1 33.
Rxd1 Rxd1+ 34. Kg2 Rd4 35. Kf3 e5 36. Qe2 Rd6 37. Ke3 hxg5 38. hxg5 Bxf6 39.
gxf6 Rxf6 40. Qd3 Ra6 41. Qd8+ Kg7 42. Qd5 f6 43. Qxc5 Ra1 44. Qxb4 Rh1 45.
Qe7+ Kh6 46. Qxf6 Rh3+ 47. Ke2 Rxb3 48. Qxe5 Rh3 49. c5 Rh5 50. Qh8+ Kg5 51.
Qxh5+ gxh5 52. c6 h4 53. c7 h3 54. c8=Q h2 55. Qh3 h1=Q 56. Qxh1 Kf4 57.
Qf3+ Ke5 {Black resigns} 1-0

[Event "ICCopen2016"]
[Site "Internet Chess Club"]
[Date "2016.06.04"]
[Round "9"]
[White "DaveyJones"]
[Black "oriGinal"]
[Result "1-0"]
[ICCResult "Black checkmated"]
[WhiteElo "1538"]
[BlackElo "1728"]
[Opening "Nimzovich-Larsen attack"]
[ECO "A01"]
[NIC "VO.08"]
[Time "15:33:02"]
[TimeControl "180+0"]

1. b3 d6 2. Bb2 e5 3. e3 Nc6 4. c4 f6 5. h3 f5 6. Nc3 Nge7 7. a3 g6 8. d4
Bg7 9. d5 Nb8 10. Nf3 Nd7 11. Ng5 Nf6 12. Nf3 O-O 13. Qc2 e4 14. Nd4 c5 15.
dxc6 bxc6 16. Be2 c5 17. Ndb5 a6 18. Nxd6 Qxd6 19. Rd1 Qe6 20. O-O Bb7 21.
b4 cxb4 22. axb4 Rac8 23. c5 Ned5 24. Nxd5 Bxd5 25. Bxf6 Bxf6 26. Rxd5 Qxd5
27. Bc4 Rfd8 28. Bxd5+ Rxd5 29. Rd1 Rcd8 30. Rxd5 Rxd5 31. c6 Be5 32. c7
Bxc7 33. Qxc7 Rd1+ 34. Kh2 h5 35. Qc8+ Kh7 36. Qxa6 Rd2 37. b5 Rxf2 38. b6
Rb2 39. b7 Kh6 40. Qa7 f4 41. b8=Q Rxb8 42. Qxb8 fxe3 43. Qf4+ g5 44. Qxe3
h4 45. Qxe4 Kh5 46. Qg4+ Kg6 47. g3 hxg3+ 48. Kxg3 Kf6 49. h4 gxh4+ 50. Kxh4
Ke5 51. Kg5 Kd6 52. Qe4 Kc5 53. Qd3 Kc6 54. Qf5 Kd6 55. Kf4 Ke7 56. Ke4 Kd6
57. Kd4 Kc6 58. Qd5+ Kb6 59. Qc5+ Kb7 60. Qd6 Kc8 61. Kc5 Kb7 62. Kb5 Ka7
63. Qb6+ Ka8 64. Qc6+ Ka7 65. Qd6 Kb7 66. Qd7+ Kb8 67. Ka6 Ka8 68. Qb7#
{Black checkmated}
1-0

[Event "ICCopen2016"]
[Site "Internet Chess Club"]
[Date "2016.06.04"]
[Round "9"]
[White "Deverill"]
[Black "hhex"]
[Result "0-1"]
[ICCResult "White checkmated"]
[WhiteElo "1267"]
[BlackElo "1603"]
[Opening "Sicilian defense"]
[ECO "B40"]
[NIC "SI.43"]
[Time "15:33:03"]
[TimeControl "180+0"]

1. e4 c5 2. Nf3 e6 3. d3 d5 4. Nbd2 d4 5. g3 Nc6 6. Bg2 e5 7. O-O Nf6 8. a4
Be7 9. Nc4 Qc7 10. Nfxe5 Nxe5 11. Bf4 Bd6 12. Bxe5 Bxe5 13. f4 Bd6 14. e5
Be7 15. exf6 Bxf6 16. Re1+ Kf8 17. Qe2 Be6 18. Qe4 Rb8 19. Re2 Bxc4 20. dxc4
g6 21. Rae1 Kg7 22. Qf3 b6 23. Qd3 Qd7 24. Bf3 Rhe8 25. Kg2 Rxe2+ 26. Rxe2
Re8 27. Rxe8 Qxe8 28. Kf2 Qxa4 29. g4 h6 30. Be4 Qd7 31. h3 Qd6 32. Kf3 g5
33. Qd2 Be7 34. f5 Bd8 35. h4 f6 36. h5 Bc7 37. Qg2 Qf4+ 38. Ke2 Qe3+ 39.
Kd1 Bf4 40. b3 Qc1+ 41. Ke2 Qd2+ 42. Kf3 Qe3# {White checkmated} 0-1

[Event "ICCopen2016"]
[Site "Internet Chess Club"]
[Date "2016.06.04"]
[Round "9"]
[White "kolding"]
[Black "JohnnieW"]
[Result "0-1"]
[ICCResult "White resigns"]
[WhiteElo "1685"]
[BlackElo "2009"]
[Opening "Scandinavian (center counter) defense"]
[ECO "B01"]
[NIC "VO.17"]
[Time "15:32:33"]
[TimeControl "180+0"]

1. e4 d5 2. exd5 Qxd5 3. c4 Qe4+ 4. Qe2 Qxe2+ 5. Bxe2 e5 6. Nc3 Nf6 7. Nf3
Nc6 8. d3 Bf5 9. Bg5 Be7 10. O-O-O O-O-O 11. h3 Kb8 12. g4 Be6 13. Rhe1 h6
14. Bh4 Rhe8 15. Bf1 Nd7 16. Bxe7 Rxe7 17. Ne4 b6 18. a3 a5 19. Kc2 Kb7 20.
Kc3 f6 21. Ng3 a4 22. Bg2 Nc5 23. Nf5 Red7 24. d4 Bxf5 25. gxf5 e4 26. dxc5
Rxd1 27. Rxd1 Rxd1 28. Nd2 bxc5 29. Bxe4 Kb6 30. Kc2 Rg1 31. Nf3 Rf1 32. Ne1
Rxf2+ 33. Kc3 Nd4 34. b4 axb3 35. a4 Ra2 36. Ng2 Rxa4 37. Nf4 Ra2 38. Nd5+
Ka5 39. Ne7 Rh2 40. Nc6+ Nxc6 41. Bxc6 Rxh3+ 42. Kb2 Kb4 43. Bd5 Rh2+ 44.
Kb1 Kc3 45. Be4 Rf2 {White resigns} 0-1

[Event "ICCopen2016"]
[Site "Internet Chess Club"]
[Date "2016.06.04"]
[Round "9"]
[White "Sebs"]
[Black "Anarchy"]
[Result "1-0"]
[ICCResult "Black resigns"]
[WhiteElo "2987"]
[BlackElo "2834"]
[Opening "Grünfeld: Russian, Prins variation"]
[ECO "D97"]
[NIC "GI.10"]
[Time "15:33:34"]
[TimeControl "180+0"]

1. d4 Nf6 2. c4 g6 3. Nc3 d5 4. Nf3 Bg7 5. Qb3 dxc4 6. Qxc4 O-O 7. e4 Na6 8.
Be2 c5 9. d5 e6 10. O-O exd5 11. exd5 Re8 12. Rd1 Bf5 13. d6 h6 14. Bf4 Qb6
15. Na4 Qa5 16. Nc3 Rad8 17. Ne5 Be6 18. Qd3 Nb4 19. Qd2 g5 20. Bg3 Qb6 21.
a3 Nbd5 22. Na4 Qxd6 23. Nxf7 Qf8 24. Nxd8 Rxd8 25. Qc2 b6 26. Bc4 Re8 27.
Nc3 Qf7 28. Nxd5 Nxd5 29. Bxd5 Bxd5 30. Re1 Rf8 31. Be5 Bb3 32. Qd2 Bd5 33.
Bxg7 Kxg7 34. Rad1 Bb3 35. Rc1 Bd5 36. Rc3 Qf5 37. Rce3 Rf6 38. Re5
{Black resigns}
1-0

[Event "ICCopen2016"]
[Site "Internet Chess Club"]
[Date "2016.06.04"]
[Round "9"]
[White "Mandragora"]
[Black "jbrongkos"]
[Result "0-1"]
[ICCResult "White resigns"]
[WhiteElo "1567"]
[BlackElo "1803"]
[Opening "King's gambit"]
[ECO "C30"]
[NIC "KG.05"]
[Time "15:32:48"]
[TimeControl "180+0"]

1. e4 e5 2. f4 d6 3. fxe5 dxe5 4. Nf3 Bd6 5. Bc4 Nf6 6. Nc3 c6 7. O-O O-O 8.
h3 b5 9. Bb3 b4 10. Ne2 Qb6+ 11. d4 Nxe4 12. Be3 exd4 13. Nfxd4 Bc5 14. Rf4
Nd6 15. Qf1 Nd7 16. Kh1 Ne5 17. Rd1 a5 18. c3 Ba6 19. Qf2 a4 20. cxb4 Qxb4
21. Nxc6 Bxe3 22. Ne7+ Kh8 23. Qxe3 Ndc4 24. Rxc4 Nxc4 25. Bxc4 Bxc4 26. Rd4
Rae8 27. Qf4 Qxe7 28. Rxc4 Qxe2 29. Rxa4 Qxb2 30. Rb4 Re1+ 31. Kh2 Qe5 32.
Qxe5 Rxe5 33. a4 Ra5 {White resigns} 0-1

[Event "ICCopen2016"]
[Site "Internet Chess Club"]
[Date "2016.06.04"]
[Round "9"]
[White "Bozhenka"]
[Black "LittleMaster"]
[Result "1-0"]
[ICCResult "Black checkmated"]
[WhiteElo "2928"]
[BlackElo "2349"]
[Opening "QGD Slav: 4.e3"]
[ECO "D11"]
[NIC "SL.01"]
[Time "15:32:36"]
[TimeControl "180+0"]

1. d4 d5 2. c4 c6 3. e3 Nf6 4. Nf3 e6 5. b3 Bd6 6. Bb2 O-O 7. Nbd2 Bc7 8.
Bd3 b6 9. Qc2 Nbd7 10. O-O Bb7 11. Rad1 Rc8 12. Rfe1 c5 13. cxd5 exd5 14.
dxc5 bxc5 15. e4 d4 16. e5 Nd5 17. Bxh7+ Kh8 18. Bf5 Nf4 19. Be4 Ba6 20. Nc4
Bxc4 21. Qxc4 Bxe5 22. g3 Ne6 23. Bb7 Rc7 24. Nxe5 Nxe5 25. Qa6 Qf6 26. f4
Ng4 27. Bf3 Nh6 28. Qd6 Rd8 29. Qe5 Qg6 30. Be4 Qg4 31. f5 Ng5 32. Qxc7 Nh3+
33. Kg2 Rg8 34. Bf3 Qxf5 35. Rd2 Ng5 36. Qf4 Qh3+ 37. Kg1 f6 38. Bg2 Qd7 39.
b4 cxb4 40. Qxd4 Qa4 41. h4 Ngf7 42. Qf4 Re8 43. Rxe8+ Qxe8 44. Qf2 Ng4 45.
Qe2 Qb8 46. Qxg4 Qb6+ 47. Kh2 Ne5 48. Bxe5 fxe5 49. Rc2 Kh7 50. Be4+ Kh6 51.
Qg5# {Black checkmated} 1-0

[Event "ICCopen2016"]
[Site "Internet Chess Club"]
[Date "2016.06.04"]
[Round "9"]
[White "eternalwarrior"]
[Black "RJoseph12"]
[Result "1-0"]
[ICCResult "Black checkmated"]
[WhiteElo "1439"]
[BlackElo "1337"]
[Opening "Hungarian defense"]
[ECO "C50"]
[NIC "IG.03"]
[Time "15:34:01"]
[TimeControl "180+0"]

1. e4 e5 2. Nf3 Nc6 3. Bc4 Be7 4. O-O Nf6 5. Re1 d6 6. h3 O-O 7. c3 h6 8. d4
Nh7 9. Be3 Kh8 10. Nbd2 f5 11. exf5 Bxf5 12. dxe5 dxe5 13. Qe2 e4 14. Nd4
Nxd4 15. Bxd4 Qc8 16. Nxe4 Bxe4 17. Qxe4 Ng5 18. Qxe7 Rg8 19. Bxg8 Qxg8 20.
Qxc7 a6 21. Re7 Ne6 22. Rxe6 Rc8 23. Rxh6+ Qh7 24. Qxc8# {Black checkmated}
1-0

[Event "ICCopen2016"]
[Site "Internet Chess Club"]
[Date "2016.06.04"]
[Round "9"]
[White "FlashGordon"]
[Black "ponte2"]
[Result "1-0"]
[ICCResult "Black resigns"]
[WhiteElo "1370"]
[BlackElo "1325"]
[Opening "French: Tarrasch"]
[ECO "C03"]
[NIC "FR.07"]
[Time "15:34:06"]
[TimeControl "180+0"]

1. e4 e6 2. d4 d5 3. Nd2 dxe4 4. Nxe4 Bd7 5. Bd3 Bc6 6. Nf3 Nd7 7. O-O Ngf6
8. Qe2 Be7 9. Bf4 O-O 10. Nxf6+ Nxf6 11. c3 Bxf3 12. Qxf3 c6 13. Qg3 Kh8 14.
Be5 b5 15. Qh4 h6 16. a4 Nh7 17. Qxh6 {Black resigns} 1-0

[Event "ICCopen2016"]
[Site "Internet Chess Club"]
[Date "2016.06.04"]
[Round "9"]
[White "Dan83"]
[Black "BitsofKoin"]
[Result "0-1"]
[ICCResult "White resigns"]
[WhiteElo "1982"]
[BlackElo "2349"]
[Opening "Queen's gambit declined"]
[ECO "D30"]
[NIC "QP.08"]
[Time "15:33:19"]
[TimeControl "180+0"]

1. d4 d5 2. c4 e6 3. Nf3 c5 4. cxd5 exd5 5. g3 Nc6 6. Bg2 Nf6 7. O-O Be7 8.
b3 O-O 9. Bb2 Re8 10. Nc3 Bg4 11. dxc5 Bxc5 12. h3 Bh5 13. g4 Bg6 14. Na4
Bf8 15. Rc1 Ne4 16. Nd4 Rc8 17. Nf5 Bxf5 18. gxf5 Qg5 19. Qxd5 Rcd8 20. Qb5
Rd7 21. Rfd1 Rde7 22. e3 Nxf2 23. Kxf2 Rxe3 24. Qd5 Nb4 25. Qxb7 Nd3+ 26.
Rxd3 Rxd3 27. Kg1 Rd2 28. Bc3 Rxa2 29. Qc6 Qxc1+ 30. Bf1 Re1 {White resigns}
0-1

[Event "ICCopen2016"]
[Site "Internet Chess Club"]
[Date "2016.06.04"]
[Round "9"]
[White "Ancient"]
[Black "cloak1"]
[Result "1-0"]
[ICCResult "Black checkmated"]
[WhiteElo "2094"]
[BlackElo "1806"]
[Opening "Scotch game"]
[ECO "C45"]
[NIC "SO.05"]
[Time "15:33:39"]
[TimeControl "180+0"]

1. e4 e5 2. Nf3 Nc6 3. d4 exd4 4. Nxd4 Bc5 5. Nxc6 Qf6 6. Qf3 Qxf3 7. gxf3
dxc6 8. Be3 Bb6 9. Nd2 Ne7 10. Rg1 O-O 11. O-O-O Ng6 12. f4 f5 13. Bc4+ Kh8
14. e5 Re8 15. Nf3 Be6 16. Bxe6 Rxe6 17. Rg5 Rf8 18. h4 h6 19. Rg3 Ne7 20.
h5 Nd5 21. Nh4 Kg8 22. Rdg1 Re7 23. Ng6 Rff7 24. Nxe7+ Rxe7 25. c4 Nxe3 26.
fxe3 Bc5 27. Kd2 Rd7+ 28. Ke2 Bb4 29. Rd1 Rf7 30. Rd8+ Kh7 31. e6 Re7 32.
Rd7 Rxe6 33. Rdxg7+ Kh8 34. Rg8+ Kh7 35. R3g7# {Black checkmated} 1-0

[Event "ICCopen2016"]
[Site "Internet Chess Club"]
[Date "2016.06.04"]
[Round "9"]
[White "vidalnovich"]
[Black "DARKwizard1"]
[Result "0-1"]
[ICCResult "White resigns"]
[WhiteElo "1780"]
[BlackElo "2329"]
[Opening "Queen's pawn: Lundin (Kevitz-Mikenas) defense"]
[ECO "A40"]
[NIC "QO.17"]
[Time "15:34:00"]
[TimeControl "180+0"]

1. d4 Nc6 2. d5 Ne5 3. f4 Ng6 4. e4 d6 5. c4 Nf6 6. Nc3 e6 7. Nf3 Be7 8. Bd3
O-O 9. O-O c6 10. dxe6 fxe6 11. Ng5 h6 12. Nf3 Ng4 13. h3 Qb6+ 14. Kh1 Nf2+
15. Rxf2 Qxf2 16. Ne2 Nh4 17. Nxh4 Bxh4 18. Bd2 Bd7 19. Be1 Qxe1+ 20. Qxe1
Bxe1 21. Rxe1 Rae8 22. g4 g5 23. f5 exf5 24. gxf5 Re5 25. Rg1 Kf7 26. Nc3
Kf6 27. Rd1 h5 28. Bc2 Ke7 29. Kg2 b5 30. cxb5 cxb5 31. Nd5+ Kd8 32. Kf3 Bc6
33. Nb4 Rexf5+ 34. Ke3 Rf3+ 35. Kd4 Kc7 36. Rc1 Kb6 37. Bd1 Bxe4 38. Bxf3
Bxf3 39. Ke3 Bg2 40. Rg1 Rf3+ 41. Ke2 Rg3 42. Kf2 Rxh3 43. Rxg2 g4 44. Nd5+
Kc5 45. Nf4 Rf3+ 46. Ke2 Rxf4 {White resigns} 0-1

[Event "ICCopen2016"]
[Site "Internet Chess Club"]
[Date "2016.06.04"]
[Round "9"]
[White "VrloJakMK"]
[Black "Sam08"]
[Result "0-1"]
[ICCResult "White resigns"]
[WhiteElo "2210"]
[BlackElo "2408"]
[Opening "Nimzo-Indian: classical variation"]
[ECO "E32"]
[NIC "NI.24"]
[Time "15:33:15"]
[TimeControl "180+0"]

1. d4 Nf6 2. c4 e6 3. Nc3 Bb4 4. Qc2 b6 5. a3 Bxc3+ 6. Qxc3 Bb7 7. f3 c5 8.
dxc5 bxc5 9. Bg5 d6 10. Rd1 Nc6 11. Nh3 Qe7 12. e3 Rd8 13. Be2 h6 14. Bh4 g5
15. Bg3 O-O 16. Nf2 d5 17. h4 d4 18. exd4 Nxd4 19. hxg5 hxg5 20. Be5 Nh7 21.
Ng4 f6 22. Bxd4 cxd4 23. Rxd4 Bc6 24. b4 Rxd4 25. Qxd4 Rd8 26. Qe3 Kg7 27.
Bd1 Nf8 28. Bc2 Qd6 29. Ke2 Qg3 30. Qf2 Qf4 31. Qxa7+ Rd7 32. Qe3 Qxc4+ 33.
Bd3 Qa2+ 34. Kf1 Qa1+ 35. Kf2 Qxh1 36. b5 Bb7 37. a4 Qd1 38. Be2 Qxa4 39. b6
Qd4 40. Bb5 Rd6 41. Qxd4 Rxd4 42. Ne3 Rb4 43. Bd3 Rxb6 {White resigns} 0-1

[Event "ICCopen2016"]
[Site "Internet Chess Club"]
[Date "2016.06.04"]
[Round "9"]
[White "minke"]
[Black "WhiteMoon"]
[Result "0-1"]
[ICCResult "White resigns"]
[WhiteElo "1797"]
[BlackElo "2091"]
[Opening "two knights defense: Wilkes Barre (Traxler) variation"]
[ECO "C57"]
[NIC "KP.01"]
[Time "15:33:15"]
[TimeControl "180+0"]

1. e4 e5 2. Nf3 Nc6 3. Bc4 Nf6 4. Ng5 Bc5 5. O-O O-O 6. d3 h6 7. Nf3 d6 8.
c3 Bg4 9. Nbd2 Bb6 10. Re1 Re8 11. h3 Be6 12. Bxe6 Rxe6 13. Nf1 Qd7 14. d4
exd4 15. cxd4 Rxe4 16. Rxe4 Nxe4 17. Be3 d5 18. Qa4 Re8 19. Rc1 Re7 20. Qc2
Qf5 21. a3 Re6 22. b4 Rg6 23. Nh4 Qf6 24. Nxg6 fxg6 25. f3 Nd6 26. Ng3 Nxd4
27. Bxd4 Bxd4+ 28. Kh1 Bb6 29. Qb3 c6 30. a4 a6 31. b5 axb5 32. axb5 Nxb5
33. Re1 Kh7 34. Qb4 Bf2 35. Re8 Bxg3 36. Qb1 h5 37. Re2 Nc3 38. Qd3 Nxe2 39.
Qxe2 Qa1+ {White resigns} 0-1

[Event "ICCopen2016"]
[Site "Internet Chess Club"]
[Date "2016.06.04"]
[Round "9"]
[White "LastKeks"]
[Black "HouseOfFun"]
[Result "1-0"]
[ICCResult "Black resigns"]
[WhiteElo "3080"]
[BlackElo "2479"]
[Opening "Scandinavian (center counter) defense"]
[ECO "B01"]
[NIC "SD.02"]
[Time "15:32:49"]
[TimeControl "180+0"]

1. e4 d5 2. exd5 Qxd5 3. Nc3 Qe5+ 4. Be2 c6 5. Nf3 Qc7 6. d4 Bf5 7. Bg5 e6
8. Qd2 Nd7 9. O-O-O Ngf6 10. Bf4 Qa5 11. Bd3 Bg4 12. a3 Be7 13. Kb1 Nb6 14.
Qe1 O-O 15. h3 Bh5 16. g4 Bg6 17. Ne5 Bxd3 18. Rxd3 Nfd5 19. Nxd5 Qxd5 20.
Bc1 Rad8 21. f4 Nc4 22. Rf1 Qb5 23. Nxc4 Qxc4 24. b3 Qd5 25. Bb2 Bf6 26. f5
exf5 27. Rxf5 Qg2 28. g5 Rde8 29. Qc1 Bd8 30. d5 Qe4 31. Rf4 Qe1 32. h4
Qxc1+ 33. Kxc1 cxd5 34. Rxd5 Bb6 35. Rf1 Re4 36. h5 Be3+ 37. Kb1 Bb6 38. h6
g6 39. Rd7 Ree8 40. Bg7 Rd8 41. Rxb7 Rb8 42. Rfxf7 Rfc8 43. Bf6 Rxb7 44.
Rxb7 Be3 45. Rg7+ Kf8 46. Rxh7 Rc6 47. Rd7 Ke8 48. h7 Kxd7 49. h8=Q Rc8 50.
Qg7+ Kc6 51. Qxg6 Kb7 52. Qe4+ Rc6 53. Qxe3 Kc7 54. Qe5+ {Black resigns} 1-0

[Event "ICCopen2016"]
[Site "Internet Chess Club"]
[Date "2016.06.04"]
[Round "9"]
[White "YoureFired"]
[Black "Heinichess"]
[Result "1-0"]
[ICCResult "Black forfeits on time"]
[WhiteElo "1869"]
[BlackElo "1838"]
[Opening "Sicilian: closed"]
[ECO "B23"]
[NIC "SI.44"]
[Time "15:32:36"]
[TimeControl "180+0"]

1. e4 c5 2. Nc3 e5 3. f4 exf4 4. Nf3 Nf6 5. Bc4 Be7 6. O-O O-O 7. d3 Nc6 8.
Bxf4 Na5 9. Bb3 Nxb3 10. axb3 d5 11. e5 Nh5 12. Bd2 Bg4 13. h3 Be6 14. g4
Ng3 15. Rf2 h5 16. Rg2 h4 17. Bf4 d4 18. Bxg3 dxc3 19. Bf4 cxb2 20. Rb1 Bd5
21. Rxb2 Bxf3 22. Qxf3 Qd4+ 23. Be3 Qxb2 24. Rf2 a5 25. Qxb7 Rae8 26. Qd5
Rd8 27. Qe4 a4 28. bxa4 Rd4 29. Bxd4 cxd4 30. e6 Qb8 31. exf7+ Rxf7 32. Qe6
Bf6 33. a5 Qg3+ 34. Kf1 Qxh3+ 35. Ke1 Qh1+ 36. Kd2 Bg5+ 37. Ke2 Qb7 38. Qe8+
Kh7 39. Qe4+ Kh6 40. Rxf7 Qxf7 41. Qf3 Qxf3+ 42. Kxf3 Bd8 43. a6 Bb6 44. Kg2
g5 45. Kh3 Kg6 46. Kg2 Kf6 47. Kf3 Ke5 48. Kg2 Kd6 49. Kh3 Kc5 50. Kg2 Kb5
51. a7 Ka6 52. Kf3 Bxa7 53. Ke4 Kb5 54. Kf5 Kb4 55. Kxg5 Kc3 56. Kxh4 Kxc2
57. g5 Kxd3 58. g6 Ke2 59. g7 d3 60. g8=Q d2 61. Qg2+ Ke1 62. Qf3
{Black forfeits on time}
1-0

[Event "ICCopen2016"]
[Site "Internet Chess Club"]
[Date "2016.06.04"]
[Round "9"]
[White "jc-arias"]
[Black "EEJ"]
[Result "1-0"]
[ICCResult "Black checkmated"]
[WhiteElo "2149"]
[BlackElo "1731"]
[Opening "Sicilian: closed, 6.f4"]
[ECO "B25"]
[NIC "SI.45"]
[Time "15:34:11"]
[TimeControl "180+0"]

1. e4 c5 2. Nc3 d6 3. g3 Nc6 4. Bg2 g6 5. d3 Bg7 6. f4 Nf6 7. Nf3 O-O 8. O-O
d5 9. e5 Ne8 10. h3 d4 11. Ne4 b6 12. Bd2 Bb7 13. g4 h6 14. Be1 Kh7 15. Bg3
Qc8 16. f5 f6 17. fxg6+ Kxg6 18. Nh4+ Kh7 19. Qd2 e6 20. exf6 Nxf6 21. Nxf6+
Bxf6 22. Be4+ Kg7 23. Ng6 Bg5 24. Bf4 Bxf4 25. Rxf4 Rxf4 26. Nxf4 Na5 27.
Nh5+ Kf7 28. Rf1+ Ke7 29. Qxh6 Bxe4 30. dxe4 Kd6 31. Rf7 Qc6 32. Qf4+ e5 33.
Qf6# {Black checkmated} 1-0

[Event "ICCopen2016"]
[Site "Internet Chess Club"]
[Date "2016.06.04"]
[Round "9"]
[White "depressnyak"]
[Black "Bochkarev"]
[Result "1-0"]
[ICCResult "Black resigns"]
[WhiteElo "3135"]
[BlackElo "2818"]
[Opening "Queen's Pawn"]
[ECO "A41"]
[NIC "QO.17"]
[Time "15:33:22"]
[TimeControl "180+0"]

1. d4 d6 2. Bf4 g6 3. Nf3 Bg7 4. c3 Nd7 5. h3 e5 6. Bg5 Ne7 7. dxe5 dxe5 8.
e4 f6 9. Be3 Nf8 10. Nbd2 Be6 11. Qc2 c6 12. a4 Qc7 13. a5 Bf7 14. Bc4 Ne6
15. O-O O-O 16. b4 f5 17. Bxe6 Bxe6 18. Ng5 Bf7 19. Ndf3 h6 20. Nxf7 Rxf7
21. Rfd1 fxe4 22. Qxe4 Nf5 23. Ra2 Kh7 24. Rad2 Nxe3 25. fxe3 Raf8 26. Rd6
Rf6 27. Rd7 Qc8 28. a6 bxa6 29. Rxa7 R8f7 30. Rxf7 Rxf7 31. Qc4 Rd7 32. Rf1
Qb7 33. Nh4 Re7 34. Nxg6 Rd7 35. Nf8+ Bxf8 36. Rxf8 Rd5 37. Qg4 Qg7 38. Qf5+
{Black resigns}
1-0